 Dungeon Crawl Stone Soup version 0.29.1-15-g9cfb28693d (webtiles) character file.

Game seed: 6291963285381790056

104 safid the Chiller (level 4, -1/32 (34) HPs)
             Began as a Merfolk Ice Elementalist on Apr 11, 2023.
             Slain by Menkaure (17 damage)
             ... on level 4 of the Dungeon.
             The game lasted 00:04:02 (2915 turns).

safid the Chiller (Merfolk Ice Elementalist)        Turns: 2915, Time: 00:04:02

HP:   -1/32 (34)    AC: 12    Str:  8    XL:     4   Next: 80%
MP:   2/8           EV: 16    Int: 16    God:
Gold: 119           SH:  0    Dex: 14    Spells: 2/9 levels left

rFire   . . .      SeeInvis .   t - +0 dagger (drain)
rCold   . . .      Faith    .   (no shield)
rNeg    . . .      Spirit   .   a - +0 robe
rPois   .          Reflect  .   (no helmet)
rElec   .          Harm     .   (no cloak)
rCorr   .          Rampage  .   (no gloves)
Will    .....                   (no boots)
Stlth   ++........              (no amulet)
HPRegen 0.10/turn               e - +4 ring of evasion
MPRegen 0.11/turn               k - +4 ring of protection

@: ice-armoured, drained
A: (nimble swimmer 2), mertail
a: no special abilities


You were on level 4 of the Dungeon.
You visited 1 branch of the dungeon, and saw 4 of its levels.

You collected 119 gold pieces.

Inventory:

Hand Weapons
 t - a +0 dagger of draining (weapon)
Armour
 a - a +0 robe (worn)
Jewellery
 e - a +4 ring of evasion (left hand)
 k - a +4 ring of protection (right hand)
Scrolls
 d - a scroll of teleportation {unknown}
 f - 2 scrolls of magic mapping {unknown}
 i - 2 scrolls of enchant weapon {unknown}
 j - a scroll of identify {unknown}
 l - a scroll of vulnerability {unknown}
 o - a scroll of noise {unknown}
 r - a scroll of butterflies {unknown}
Potions
 b - 2 potions of magic
 g - a potion of brilliance {unknown}
 h - 2 potions of flight {unknown}
 m - 2 potions of curing
 n - a potion of heal wounds {unknown}
 p - a potion of resistance {unknown}
 q - a potion of mutation {unknown}
 s - a potion of degeneration {unknown}


   Skills:
 + Level 2.4 Fighting
 - Level 2.6 Dodging
 - Level 2.1 Stealth
 + Level 3.0 Spellcasting
 + Level 5.2 Ice Magic


You had 2 spell levels left.
You knew the following spells:

 Your Spells              Type           Power      Damage    Failure   Level
a - Freeze                Ice            76%        1d9       2%          1
b - Frozen Ramparts       Ice            38%        1d6       6%          3
c - Ozocubu's Armour      Ice            19%        N/A       6%          3

Your spell library contained the following spells:

 Spells                   Type           Power      Damage    Failure   Level
 Hailstorm                Conj/Ice       10%        3d5       54%         4


Dungeon Overview and Level Annotations

Branches:
Dungeon (4/15)
 Temple: D:4-7

Altars:
Ashenzari
Elyvilon
Makhleb

Shops:
D:2 :

Annotations:
D:4 Menkaure


Innate Abilities, Weirdness & Mutations

((You are very nimble when in or above water. (Stealth+, EV+, Speed+++)))
Your lower body shifts to a powerful aquatic tail in water.


Message History

Menkaure seems to speed up.
Menkaure calls on the powers of darkness!
Your body is wracked with pain!
The gnoll convulses!
Casting: Freeze (safe; 2% risk of failure)
Confirm with . or Enter, or press ? or * to list all spells.
The spell is quite dangerous to miscast (7% risk of failure)!
Continue anyway? [Y]es or [N]o only, please.
The spell is quite dangerous to miscast (7% risk of failure)!
Continue anyway?
Casting: Frozen Ramparts (quite dangerous; 7% risk of failure)
Press: ? - help, Dir - look around, f - activate The walls around you are covered in ice.
It was a potion of curing.
You feel better.
Menkaure resists.
The wall freezes Menkaure.
Menkaure casts a spell at you. Pain shoots through your body!
Casting: Frozen Ramparts (quite dangerous; 7% risk of failure)
Confirm with . or Enter, or press ? or * to list all spells.
The spell is quite dangerous to miscast (7% risk of failure)!
Continue anyway? [Y]es or [N]o only, please.
The spell is quite dangerous to miscast (7% risk of failure)!
Continue anyway?
A film of ice covers your body!
Menkaure completely resists.
The wall freezes Menkaure but does no damage.
Menkaure hums, "It doesn't hurt if you pull your brain out of your nose yourself."
Unknown command.
The wall freezes Menkaure but does no damage.
Menkaure gestures at you while chanting.
Pain shoots through your body!
The wall freezes the gnoll.
Menkaure resists.
The wall freezes Menkaure.
The wall freezes the gnoll.
You are too injured to fight recklessly!
You hit Menkaure but do no damage.
Menkaure is lightly damaged.
The wall freezes Menkaure but does no damage.
Menkaure hits you but does no damage.
The wall freezes the gnoll.
You kill the gnoll!
Unknown command.
You hit Menkaure.
Menkaure is lightly damaged.
The frozen ramparts melt away.
Menkaure hits you!
Ouch! That really hurt!
You die...

# #. ### . ..##### #.#
... >.$M..# #.# #....
......####.#######......
..............)M@..#
.<....#....#..######
........##.#.....##
......####........#
....... #..<..###.#
.......#.......# ..
#####..........# .
..#........#
..#..........


You could see Menkaure (fast).

Vanquished Creatures
  Terence (D:2)
  A gnoll (D:4)
  2 adders
  An orc (D:3)
  8 bats
  5 endoplasms
  4 giant cockroaches
  6 hobgoblins
  5 kobolds
  A quokka (D:2)
  3 ball pythons (D:1)
  2 frilled lizards
  6 goblins
  4 rats
49 creatures vanquished.

Notes
Turn   | Place    | Note
-------+----------+-------------------------------------------
     0 | D:1      | safid the Merfolk Ice Elementalist began the quest for the
                  | Orb.
     0 | D:1      | Reached XP level 1. HP: 13/13 MP: 3/3
   447 | D:1      | Reached XP level 2. HP: 16/20 MP: 1/5
   580 | D:1      | Reached skill level 1 in Fighting
  1154 | D:1      | Reached XP level 3. HP: 26/26 MP: 6/6
  1158 | D:1      | Learned a level 3 spell: Frozen Ramparts
  1594 | D:2      | Found a broken altar of Ashenzari.
  1604 | D:2      | Found Otiamabb's Vocational Training.
  1604 | D:2      | Noticed Terence
  1618 | D:2      | Killed Terence
  1619 | D:2      | Reached skill level 5 in Ice Magic
  1619 | D:2      | Reached XP level 4. HP: 19/33 MP: 3/8
  1802 | D:2      | Found a faded altar of an unknown god.
  2255 | D:3      | Learned a level 3 spell: Ozocubu's Armour
  2418 | D:3      | Found a burning altar of Makhleb.
  2418 | D:3      | Found a white marble altar of Elyvilon.
  2897 | D:4      | Noticed Menkaure
  2915 | D:4      | Slain by Menkaure

Illustrated notes

Levels and vault maps discovered:
D:1:      eino_arrival_cavern_b, layout_rooms
D:2:      layout_rooms, basic_ecumenical_altar, basic_altar,
          nicolae_shop_vocational, uniq_terence
D:3:      layout_basic, chequers_temple_overflow_statue_of_worship, hex_large,
          minmay_strange_pillars, chequers_serial_rivers_small_a
D:4:      layout_rooms, minmay_quadrilaterals, uniq_menkaure

Skill      XL: |  1  2  3  4 |
---------------+-------------+-----
Fighting       | 1 2 |  2.4
Ice Magic      | 5 |  5.2
Spellcasting   | 3 |  3.0
Dodging        | |  2.6
Stealth        | |  2.1

Action                   |  1- 3 |  4- 6 || total
-------------------------+-------+-------++-------
Melee: Unarmed           |    12 |       ||    12
       Dagger            |    70 |    57 ||   127
       Punch             |     2 |     1 ||     3
 Cast: Freeze            |    25 |     8 ||    33
       Frozen Ramparts   |     1 |     1 ||     2
       Ozocubu's Armour  |       |     1 ||     1
  Use: Potion            |       |     1 ||     1
 Stab: Sleeping          |     3 |     3 ||     6
Armor: Robe              |    23 |    17 ||    40
Dodge: Dodged            |    97 |    53 ||   150
